 Dungeon Crawl Stone Soup version 0.24-a0-417-g1cce26a4d2 (webtiles) character file.

Game seed: 8783549097061387308

2634 Corto the Geomancer (level 9, -2/48 HPs)
             Began as a Gargoyle Earth Elementalist on June 8, 2019.
             Slain by an orc warrior
             ... wielding a +0 battleaxe
              (25 damage)
             ... on level 6 of the Dungeon on June 11, 2019.
             The game lasted 00:32:24 (9019 turns).

Corto the Geomancer (Gargoyle Earth Elementalist)   Turns: 9019, Time: 00:32:25

Health: -2/48      AC: 13    Str: 12    XL:     9   Next: 61%
Magic:  3/20       EV: 12    Int: 19    God:
Gold:   307        SH:  0    Dex: 10    Spells: 14/23 levels left

rFire    . . .     SeeInvis .   f - +1 whip
rCold    + . .     Gourm    .   (no shield)
rNeg     + . .     Faith    .   B - +3 leather armour {rC+}
rPois    ∞         Spirit   .   (no helmet)
rElec    +         Reflect  .   (no cloak)
rCorr    .         Harm     .   w - +0 pair of gloves
MR       .....                  (no boots)
Stlth    ++........             (no amulet)
HPRegen  0.16/turn              (no ring)
MPRegen  0.17/turn              (no ring)

@: very slightly contaminated
A: negative energy resistance 1, electricity resistance, unbreathing,
petrification resistance, rot immunity, AC +6
a: no special abilities


You were on level 6 of the Dungeon.
You were not hungry.

You visited 1 branch of the dungeon, and saw 6 of its levels.

You collected 307 gold pieces.

Inventory:

Hand Weapons
 f - a +1 whip (weapon)
 m - a +2 scimitar of freezing
Missiles
 b - 63 stones (quivered)
Armour
 c - a +0 cloak
 w - a +0 pair of gloves (worn)
 B - a +3 leather armour of cold resistance (worn)
Magical Staves
 p - an uncursed staff of death {!a}
Wands
 s - a wand of scattershot (5)
 x - a wand of random effects (10)
 y - a wand of flame (8)
Scrolls
 e - 2 scrolls of immolation {!r}
 g - 2 scrolls of teleportation {@r4}
 h - a scroll of enchant armour
 i - 5 scrolls of identify {@r9}
 j - a scroll of amnesia
 q - a scroll of blinking {unknown}
 u - a scroll of noise {unknown}
 A - a scroll of random uselessness {unknown}
Potions
 a - a potion of might
 k - a potion of curing {@q1}
 l - a potion of agility {unknown}
 o - 2 potions of flight {unknown}
 r - a potion of heal wounds {unknown}
 t - 2 potions of ambrosia {unknown}
 v - a potion of degeneration {unknown}
 z - a potion of berserk rage {unknown}
Comestibles
 d - 5 rations


   Skills:
 + Level 2.1 Fighting
 + Level 1.7 Maces & Flails
 + Level 2.0 Armour
 + Level 2.4 Dodging
 - Level 2.1 Stealth
 + Level 7.8 Spellcasting
 + Level 2.0 Conjurations
   Level 0.7 Transmutations
 + Level 10.3 Earth Magic
 + Level 1.7 Evocations


You had 14 spell levels left.
You knew the following spells:

 Your Spells              Type           Power        Failure   Level  Hunger
a - Stone Arrow           Conj/Erth      ####..       2%          3    #......
b - Sandblast             Erth           #####.       1%          1    None
c - Lee's Rapid Deconstr  Erth           #####.....   4%          5    #####..

Your spell library contained the following spells:

 Spells                   Type           Power        Failure   Level  Hunger
 Passwall                 Tmut/Erth      ####....     1%          2    None
 Petrify                  Tmut/Erth      ####....     12%         4    ###....


Dungeon Overview and Level Annotations

Branches:
Dungeon (6/15)
 Temple: D:4-7

Altars:
Ashenzari
Fedhas
Hepliaklqana
Okawaru
Xom


Innate Abilities, Weirdness & Mutations

You are resistant to torment.
Your stone body is resilient. (AC +6)
You are immune to poison.
You resist negative energy. (rN+)
You are resistant to electric shocks. (rElec)
You can survive without breathing.
You are immune to petrification.
You are immune to rotting.


Message History

The orc warrior is severely wounded.
You hit the orc warrior but do no damage.
The orc warrior is severely wounded.
The orc warrior hits you with a +0 battleaxe!
You barely miss the orc warrior.
The orc warrior is severely wounded.
The orc warrior hits you but does no damage.
You hit the orc warrior but do no damage.
The orc warrior is severely wounded.
The orc warrior hits you with a +0 battleaxe.
You hit the orc warrior.
The orc warrior is severely wounded.
The orc wizard casts a spell.
The orc wizard seems to speed up.
You see here a robe.
The orc wizard looks braver for a moment.
There is a stone staircase leading up here.
The orc warrior hits you with a +0 battleaxe!!
Ouch! That really hurt!
You die... █)█•█████████████████████████• █••••)••••••••█•••••••)))••[•• ██•••███████•••••••███████████ █•••█ █•••••••••••█•••••••••█ █•••█ █•█•••••••••█•███████•█ █•••█ █•██••••••••█•█ █•█ █•••█ █•••••••••••••█ █•█ ████••██████••••••••███ █•█ █•••>••••••••@••••••█ █████•█ █•█•█•█████•oo••••••█ █^••••█ █•█•█•█ █•••███████ █•█████ █•█•••█ █•••••o••█ █•█ █ █•█████████•█•████[█ █•█ █ █•••••••••••█••••█•█ █•█ █ ████████████████•█•█ █•█████ ••••••••█•█ █•••••• █████████•█ ███████

You could see an orc warrior and an orc wizard.

Vanquished Creatures
  Grinder (D:3)
  Eustachio (D:5)
  Menkaure (D:5)
  A water moccasin (D:6)
  An orc warrior (D:5)
  Purgy (D:3)
  An ogre (D:5)
  2 ice beasts (D:5)
  A centaur (D:5)
  Blork the orc (D:5)
  A gnoll sergeant (D:6)
  2 scorpions
  8 wights (D:6)
  A howler monkey (D:5)
  3 crimson imps
  A hound (D:5)
  A bullfrog skeleton (D:6)
  2 orc priests
  Crazy Yiuf (D:5)
  3 jellies
  4 orc wizards
  Natasha (thrice) (D:3)
  5 worker ants
  A killer bee zombie (D:6)
  A hound zombie (D:5)
  A hound skeleton (D:4)
  A worker ant zombie (D:5)
  4 gnolls
  10 adders
  2 adder skeletons (D:4)
  An adder zombie (D:6)
  3 worms
  A dart slug (D:2)
  7 leopard geckos
  29 orcs
  4 giant cockroaches
  9 goblins
  8 hobgoblins
  10 kobolds
  A quokka (D:6)
  3 ball pythons
  14 bats
  4 frilled lizards
  A leopard gecko skeleton (D:6)
  3 rats
164 creatures vanquished.

Notes
Turn   | Place    | Note
-------+----------+-------------------------------------------
     0 | D:1      | Corto the Gargoyle Earth Elementalist began the quest for
                  | the Orb.
     0 | D:1      | Reached XP level 1. HP: 10/10 MP: 3/3
   397 | D:1      | Reached XP level 2. HP: 15/15 MP: 5/5
   399 | D:1      | Reached skill level 4 in Earth Magic
   597 | D:1      | Reached XP level 3. HP: 19/19 MP: 6/6
  1746 | D:2      | Reached skill level 5 in Earth Magic
  1746 | D:2      | Reached XP level 4. HP: 7/24 MP: 0/8
  2230 | D:2      | Reached XP level 5. HP: 10/28 MP: 5/10
  2734 | D:2      | Found an iron altar of Okawaru.
  2734 | D:2      | Found a shimmering altar of Xom.
  2964 | D:3      | Noticed Purgy
  2975 | D:3      | Killed Purgy
  2975 | D:3      | Reached skill level 6 in Earth Magic
  2975 | D:3      | Reached XP level 6. HP: 32/32 MP: 7/12
  2980 | D:3      | Learned a level 3 spell: Stone Arrow
  2986 | D:3      | Learned a level 5 spell: Lee's Rapid Deconstruction
  3396 | D:3      | Found a hazy altar of Hepliaklqana.
  3531 | D:3      | Noticed Natasha
  3532 | D:3      | Killed Natasha
  3820 | D:3      | Noticed Natasha
  3824 | D:3      | Killed Natasha
  3844 | D:3      | Noticed Grinder
  3859 | D:3      | Paralysed by Grinder for 4 turns
  3864 | D:3      | Killed Grinder
  3864 | D:3      | Reached skill level 5 in Spellcasting
  3864 | D:3      | Reached skill level 7 in Earth Magic
  3864 | D:3      | Reached XP level 7. HP: 30/36 MP: 6/14
  4103 | D:3      | Noticed Natasha
  4107 | D:3      | Killed Natasha
  4582 | D:4      | Found a shattered altar of Ashenzari.
  4656 | D:4      | Found a glowing silver altar of Zin.
  4669 | D:4      | Found a glowing silver altar of Zin.
  4669 | D:4      | Found a hazy altar of Hepliaklqana.
  4671 | D:4      | Found a shimmering altar of Xom.
  4671 | D:4      | Found a blossoming altar of Fedhas.
  4671 | D:4      | Found a bloodstained altar of Trog.
  4898 | D:5      | Entered Level 5 of the Dungeon
  5007 | D:5      | Reached skill level 8 in Earth Magic
  5007 | D:5      | Reached XP level 8. HP: 41/41 MP: 3/17
  5396 | D:5      | Reached skill level 9 in Earth Magic
  5805 | D:5      | Found a runed translucent door.
  5806 | D:5      | Noticed Crazy Yiuf
  6022 | D:5      | Noticed Blork the orc
  6039 | D:5      | Killed Blork the orc
  6524 | D:5      | Noticed Eustachio
  6529 | D:5      | Killed Eustachio
  6650 | D:5      | Noticed Menkaure
  6667 | D:5      | Killed Menkaure
  6667 | D:5      | Reached skill level 10 in Earth Magic
  6667 | D:5      | Reached XP level 9. HP: 38/45 MP: 7/20
  6945 | D:5      | Killed Crazy Yiuf
  7074 | D:5      | Upgraded the game from 0.24-a0-415-g6d73c25c48 to
                  | 0.24-a0-417-g1cce26a4d2
  7425 | D:6      | Reached skill level 1 in Armour
  7445 | D:6      | Reached skill level 1 in Fighting
  7445 | D:6      | Reached skill level 1 in Conjurations
  7617 | D:6      | Reached skill level 1 in Maces & Flails
  7617 | D:6      | Reached skill level 1 in Evocations
  8411 | D:6      | Found a blossoming altar of Fedhas.
  9019 | D:6      | Slain by an orc warrior

Levels and vault maps discovered:
D:1:      mrwooster_arrival_statue, layout_rooms
D:2:      layout_basic, gammafunk_temple_overflow_wave, first_ration,
          minmay_bisected
D:3:      layout_basic, overflow_temple_1_default, uniq_purgy, uniq_grinder,
          uniq_natasha
D:4:      layout_rooms, evilmike_ruin_ashenzari, doesnt_xom_only_xom
D:5:      layout_basic, minmay_joined_circles, uniq_blork_the_orc,
          uniq_eustachio, uniq_crazy_yiuf_cottage, uniq_menkaure
D:6:      layout_basic, fedhas_ov_isle_minmay

Skill      XL: |  1  2  3  4  5  6  7  8  9 |
---------------+----------------------------+-----
Earth Magic    | 4 5 6 7 8 10 | 10.3
Spellcasting   | 3 4 5 6 7 |  7.8
Armour         | 2 |  2.0
Fighting       | 2 |  2.1
Dodging        | 2 |  2.4
Conjurations   | 2 |  2.0
Maces & Flails | 1 |  1.7
Evocations     | 1 |  1.7
Stealth        | |  2.1
Transmutations | |  0.7

Action                   |  1- 3 |  4- 6 |  7- 9 || total
-------------------------+-------+-------+-------++-------
Melee: Unarmed           |    69 |       |       ||    69
       Whip              |   121 |   152 |   255 ||   528
       Club              |     1 |       |       ||     1
 Cast: Sandblast         |    16 |    31 |       ||    47
       Stone Arrow       |       |     1 |   132 ||   133
       Lee's Rapid Decon |       |       |     4 ||     4
  Use: Scroll            |       |       |    10 ||    10
 Stab: Sleeping          |     1 |     2 |       ||     3
  Eat: Chunk             |     3 |     7 |    13 ||    23
       Ration            |       |       |     2 ||     2
Armor: Robe              |    79 |    84 |    65 ||   228
       Leather armour    |       |       |    50 ||    50
Dodge: Dodged            |   160 |   141 |   186 ||   487

Table legend:
 A = Non-vault XP
 B = Vault XP
 C = Vault XP percentage of total XP
 D = Non-vault monster count
 E = Vault monster count
 F = Vault count percentage of total count
                 A         B        C        D         E       F
            +---------+---------+-------+---------+---------+-------
      Total |    2491 |    1273 |  33.8 |     147 |      17 |  10.4
            +---------+---------+-------+---------+---------+-------
        D:1 |      64 |       0 |   0.0 |      32 |       0 |   0.0
        D:2 |     170 |       1 |   0.6 |      24 |       1 |   4.0
        D:3 |     154 |     430 |  73.6 |      20 |       3 |  13.0
        D:4 |     112 |       0 |   0.0 |       8 |       0 |   0.0
        D:5 |     830 |     842 |  50.4 |      19 |      13 |  40.6
        D:6 |    1161 |       0 |   0.0 |      44 |       0 |   0.0
            +---------+---------+-------+---------+---------+-------
